 Dungeon Crawl Stone Soup version 0.17.1-3-g152610e (webtiles) character file.

873 Caphalor the Martial Artist (level 7, -3/52 HPs)
             Began as a Demonspawn Monk on Mar 27, 2016.
             Was a Believer of Qazlal.
             Killed from afar by an oklob plant (7 damage)
             ... with a splash of acid
             ... on level 4 of the Dungeon.
             The game lasted 00:16:12 (5605 turns).

Caphalor the Martial Artist (Demonspawn Monk)       Turns: 5605, Time: 00:16:13

Health: -3/52      AC:  2    Str: 13    XL:     7   Next: 74%
Magic:  7/7        EV: 13    Int: 11    God:    Qazlal [**....]
Gold:   209        SH:  3    Dex: 16    Spells: 0 memorised, 6 levels left

rFire  . . .     SeeInvis .       - Unarmed
rCold  . . .     Clarity  .     a - +0 robe
rNeg   . . .     SustAt   .     (no shield)
rPois  .         Gourm    .     (no helmet)
rElec  .         Spirit   .     (no cloak)
rCorr  .         Warding  .     r - +0 pair of gloves
rMut   .         Stasis   .     o - +1 pair of boots
MR     .....                    (no amulet)
Stlth  ++........               (no ring)
                                (no ring)

@: corroded equipment, not resistant to hostile enchantments, unstealthy
A: icy blue scales 1, powered by death 1
a: Upheaval, Renounce Religion


You were on level 4 of the Dungeon.
You worshipped Qazlal.
Qazlal was pleased with you.
You were not hungry.

You visited 1 branch of the dungeon, and saw 6 of its levels.

You collected 209 gold pieces.

Inventory:

Armour
 a - a +0 robe (worn)
 o - a +1 pair of boots (worn)
 r - a +0 pair of gloves (worn)
Jewellery
 u - an uncursed amulet of guardian spirit {unknown}
Wands
 y - a wand of confusion (35)
Scrolls
 e - a scroll of fear {unknown}
 i - a scroll of remove curse {unknown}
 j - a scroll of amnesia {unknown}
 n - 2 scrolls of enchant armour {unknown}
 p - a scroll of random uselessness {unknown}
 s - a scroll of blinking {unknown}
 t - a scroll of fog {unknown}
 v - 3 scrolls of teleportation {unknown}
Potions
 c - a potion of agility
 d - a potion of haste
 h - 2 potions of resistance {unknown}
 k - a potion of brilliance {unknown}
 m - a potion of curing {unknown}
 q - a potion of cure mutation {unknown}
 w - a potion of flight {unknown}
 x - a potion of magic {unknown}
 z - a potion of might
Comestibles
 b - 2 bread rations
 f - a beef jerky
 g - 2 fruits


   Skills:
 - Level 3.0 Fighting
 - Level 2.6 Dodging
 - Level 1.7 Stealth
 + Level 8.9 Unarmed Combat


You had 6 spell levels left.
You didn't know any spells.

Dungeon Overview and Level Annotations

Branches:
Dungeon (6/15)             Temple (0/1) D:5

Altars:
Elyvilon
Fedhas
Gozag
Makhleb
Qazlal
Sif Muna
Vehumet
The Shining One

Annotations:
D:4 exclusion: oklob plant


Innate Abilities, Weirdness & Mutations

You are partially covered in icy blue scales (AC +1).
You regenerate a little health from kills.


Message History

You see here a fruit.
You hit the oklob plant.
The oklob plant is lightly damaged.
You hit the oklob plant but do no damage.
The oklob plant is lightly damaged.
You hit the oklob plant.
The oklob plant is lightly damaged.
You punch the oklob plant!
You punch the oklob plant, but do no damage.
The oklob plant is moderately damaged.
You hit the oklob plant but do no damage.
The oklob plant is moderately damaged.
You hit the oklob plant but do no damage.
The oklob plant is moderately damaged.
You hit the oklob plant but do no damage.
The oklob plant is moderately damaged.
The oklob plant is engulfed in roaring flames.
The oklob plant spits acid at you. The splash of acid hits you!
You die...

......###....##.PP.≈≈≈≈._.≈≈≈≈.♣P
........#....#P♣P♣.≈≈≈≈...≈≈≈≈..P
........#....#PPPP.≈≈≈≈≈.≈≈≈≈≈.PP
........#....#P###..≈≈≈≈.≈≈≈≈..#P
........#....##P.##..≈≈≈.≈≈≈...PP
.............#PP§P.♣§.≈≈.≈≈..♣P♣.
##'######.#..#PP#.P♣........#PPPP
#.#.........#P..PP..#.PPP♣P#PPP#
#.#.####.####PP@%%.P.P.PP.#.#PPP
#.#.........#♣PP.PPP..P♣PP#P♣#P#
#.#....#.##.#PPPP.♣#.PP.PPP.. PP
#.#.##.#..#.####################
#.#.........##.#.#.####.........
#.############.#................
##...............##.####.########
.........)......###.# #.#.......
#############.......####.#.######


You could see an oklob plant.

Vanquished Creatures
  The ghost of shizyaka the Shield-Bearer, an amateur HaFi (D:5)
  Duvessa (D:4)
  A centaur (D:5)
  2 ogres
  Dowan (D:4)
  A giant frog zombie (D:5)
  A jelly (D:5)
  An iguana (D:5)
  An orc priest (D:4)
  A worker ant (D:5)
  A worker ant zombie (D:5)
  4 adders
  A shadow imp (D:5)
  2 oozes
  4 adder skeletons
  A worm (D:2)
  2 giant geckos
  7 orcs
  2 giant cockroaches
  4 hobgoblins
  2 quokkas (D:4)
  3 ball pythons
  8 bats
  4 giant newts
  5 goblins
  7 kobolds
  3 quokka skeletons
  9 rats
  3 fungi (D:4)
  3 plants (D:4)
86 creatures vanquished.

Vanquished Creatures (others)
  14 toadstools (D:4)
14 creatures vanquished.

Grand Total: 100 creatures vanquished

Notes
Turn   | Place    | Note
--------------------------------------------------------------
     0 | D:1      | Caphalor the Demonspawn Monk began the quest for the Orb.
     0 | D:1      | Reached XP level 1. HP: 18/18 MP: 1/1
   150 | D:1      | Reached skill level 4 in Unarmed Combat
   171 | D:1      | Gained mutation: You are partially covered in icy blue scales (AC +1). [demonic ancestry]
   171 | D:1      | Reached XP level 2. HP: 14/24 MP: 2/2
  1150 | D:2      | Reached XP level 3. HP: 25/29 MP: 3/3
  1727 | D:3      | Found an opulent altar of Gozag.
  1727 | D:3      | Found a glowing golden altar of the Shining One.
  1727 | D:3      | Found a stormy altar of Qazlal.
  1739 | D:3      | Found a deep blue altar of Sif Muna.
  1747 | D:3      | Became a worshipper of Qazlal Stormbringer
  1747 | D:3      | Reached * piety under Qazlal
  1747 | D:3      | Reached ** piety under Qazlal
  1839 | D:3      | Reached skill level 5 in Unarmed Combat
  1903 | D:3      | Reached XP level 4. HP: 30/35 MP: 4/4
  2882 | D:4      | Noticed Duvessa
  2882 | D:4      | Noticed Dowan
  2933 | D:4      | Killed Dowan
  2980 | D:4      | Killed Duvessa
  2980 | D:4      | Reached skill level 6 in Unarmed Combat
  2980 | D:4      | Reached XP level 5. HP: 12/41 MP: 5/5
  3446 | D:4      | Found a burning altar of Makhleb.
  3465 | D:4      | Gained mutation: You regenerate a little health from kills. [demonic ancestry]
  3465 | D:4      | Reached XP level 6. HP: 41/47 MP: 6/6
  3704 | D:4      | Found a blossoming altar of Fedhas.
  3723 | D:4      | Noticed an oklob plant
  3838 | D:4      | Noticed an ogre
  3898 | D:3      | You fall through a shaft for 3 floors!
  3907 | D:5      | Entered Level 5 of the Dungeon
  4180 | D:5      | Reached skill level 7 in Unarmed Combat
  4378 | D:5      | Noticed shizyaka's ghost (amateur HaFi)
  4388 | D:5      | Killed shizyaka's ghost
  4388 | D:5      | Reached XP level 7. HP: 47/52 MP: 7/7
  4435 | D:5      | Reached skill level 8 in Unarmed Combat
  4638 | D:5      | Found a staircase to the Ecumenical Temple.
  4887 | D:5      | Found a white marble altar of Elyvilon.
  5004 | D:5      | Found a radiant altar of Vehumet.
  5201 | D:4      | Noticed an ogre
  5212 | D:4      | Killed an ogre
  5605 | D:4      | Killed from afar by an oklob plant

Action                   |  1- 3 |  4- 6 |  7- 9 || total
-------------------------+-------+-------+-------++-------
Melee: Unarmed           |   165 |   150 |   108 ||   423
  Use: Scroll            |     2 |     3 |       ||     5
       Potion            |       |     2 |       ||     2
 Stab: Sleeping          |     5 |       |       ||     5
       Distracted        |     1 |       |       ||     1
  Eat: Chunk             |     2 |     7 |     2 ||    11
       Fruit             |     1 |     1 |       ||     2
       Meat ration       |       |       |     1 ||     1
